 Dungeon Crawl Stone Soup version 0.30-a0-802-gb92711bcdf (webtiles) character file.

Game seed: 17870294645372162366

126 jimonade the Slasher (level 5, 0/39 HPs)
             Began as a Djinni Warper on Feb 23, 2023.
             Slain by an orc priest
             ... wielding a +0 hand axe
              (2 damage)
             ... on level 3 of the Dungeon.
             The game lasted 00:09:49 (2691 turns).

jimonade the Slasher (Djinni Warper)                Turns: 2691, Time: 00:09:49

Health: 0/39       AC:  6    Str: 12    XL:     5   Next: 32%
Gold:   133        EV: 11    Int: 14    God:
                   SH:  0    Dex: 13

rFire   + + .      SeeInvis .    a - +0 falchion
rCold   x . .      Faith    .    (no shield)
rNeg    . . .      Spirit   .    f - +0 ring mail
rPois   ∞          Reflect  .    (no helmet)
rElec   .          Harm     .    (no cloak)
rCorr   .          Rampage  .    n - +0 pair of gloves
Will    .....                    (boots unavailable)
Stlth   +                        (no amulet)
HPRegen 0.26/turn                (no ring)
MPRegen 0.00/turn                (no ring)

@: flying
A: sickness immunity, fire resistance 2, cold vulnerability 1, float, innate
caster, HP casting, extra vitality 1
a: no special abilities


You were on level 3 of the Dungeon.
You visited 1 branch of the dungeon, and saw 3 of its levels.

You collected 133 gold pieces.

Inventory:

Hand Weapons
 a - a +0 falchion (weapon)
Missiles
 d - 7 boomerangs of dispersal (quivered)
 s - 3 boomerangs
Armour
 b - a +0 leather armour
 f - a +0 ring mail (worn)
 n - a +0 pair of gloves (worn)
Magical Staves
 k - a staff of poison
Scrolls
 c - 2 scrolls of blinking
 e - 4 scrolls of identify {unknown}
 g - a scroll of enchant armour {unknown}
 h - a scroll of vulnerability {unknown}
 j - 2 scrolls of teleportation {unknown}
 r - a scroll of poison {unknown}
 u - a scroll of brand weapon {unknown}
 v - a scroll of amnesia {unknown}
 w - a scroll of fear {unknown}
Potions
 i - 2 potions of lignification {unknown}
 l - a potion of heal wounds {unknown}
 m - 3 potions of curing {unknown}
 o - 2 potions of attraction {unknown}
 p - a potion of magic {unknown}
 q - a potion of brilliance {unknown}
 t - 2 potions of berserk rage {unknown}
 x - a potion of mutation {unknown}


   Skills:
 + Level 2.7 Fighting
 + Level 3.1 Long Blades
 + Level 1.0 Throwing
 + Level 1.7 Armour
 + Level 2.5 Dodging
 * Level 3.0 Spellcasting


You knew the following spells:

 Your Spells              Type           Power      Damage    Failure   Level
a - Blink                 Tloc           20%        N/A       21%         2
b - Lesser Beckoning      Tloc           20%        N/A       21%         2
c - Vhi's Electric Charg  Tloc/Air       20%        N/A       38%         3
d - Teleport Other        Tloc           10%        N/A       38%         3
e - Manifold Assault      Tloc           10%        N/A       80%         4
f - Magic Dart            Conj           40%        1d5       14%         1
g - Scorch                Fire           20%        2d6       21%         2
Your spell library was empty.

Dungeon Overview and Level Annotations

Branches:
Dungeon (3/15)

Altars:


Innate Abilities, Weirdness & Mutations

You are immune to sickness and miasma.
You are immune to poison.
Your flesh is very heat resistant. (rF++)
You are vulnerable to cold. (rC-)
You float through the air rather than walking.
You learn spells naturally, not from books.
Your magical power is your life essence.
You have superior vitality. (+4 MHP)


Message History

You hit the orc priest.
The orc priest is moderately wounded.
The orc priest hits you with a +0 hand axe.
You hit the orc priest.
The orc priest is moderately wounded.
The orc priest looks satisfied for a moment.
You barely miss the orc priest.
The orc priest is moderately wounded.
The orc priest calls down the wrath of Beogh upon you.
Pain shoots through your body!
* * * LOW HITPOINT WARNING * * *
You hit the orc priest.
The orc priest is heavily wounded.
The orc priest hits you but does no damage.
You hit the orc priest but do no damage.
The orc priest is heavily wounded.
The orc priest looks satisfied for a moment.
You hit the orc priest.
The orc priest is severely wounded.
The orc priest barely misses you.
The orc priest looks satisfied for a moment.
You hit the orc priest.
The orc priest is severely wounded.
The orc priest hits you with a +0 hand axe.
* * * LOW HITPOINT WARNING * * *
You hit the orc priest but do no damage.
The orc priest is severely wounded.
The orc priest looks encouraged for a moment.
You completely miss the orc priest.
The orc priest is severely wounded.
The orc priest invokes the aid of Beogh against you.
Beogh smites you!
* * * LOW HITPOINT WARNING * * *
You hit the orc priest.
The orc priest is severely wounded.
The orc priest closely misses you.
You closely miss the orc priest.
The orc priest is severely wounded.
The orc priest hits you with a +0 hand axe.
You die...

#######
##########.....#
##..........###.#
#'......o.....#@#
##.........####o#
#.######.o)....#
#.# #.####### #.#
#.# ###.######o#
.......>.....o.#
....###.##.###.#
##### # .$#


You could see an orc priest.

Vanquished Creatures
  An iguana (D:2)
  3 adders
  A worm (D:3)
  A dart slug (D:3)
  5 orcs (D:3)
  A bat (D:1)
  7 endoplasms
  A giant cockroach (D:1)
  6 goblins
  6 hobgoblins
  3 jackals (D:1)
  5 kobolds
  5 quokkas
  5 ball pythons
  A frilled lizard (D:1)
  3 rats
54 creatures vanquished.

Notes
Turn   | Place    | Note
-------+----------+-------------------------------------------
     0 | D:1      | jimonade the Djinni Warper began the quest for the Orb.
     0 | D:1      | jimonade set off with the following spells memorised:
                  | Blink, Lesser Beckoning, Vhi's Electric Charge, Teleport
                  | Other, Manifold Assault.
     0 | D:1      | Reached XP level 1. HP: 18/18 MP: 0/0
   157 | D:1      | Reached skill level 1 in Throwing
   215 | D:1      | Reached XP level 2. HP: 23/23 MP: 0/0
   688 | D:1      | Reached XP level 3. HP: 28/28 MP: 0/0
   688 | D:1      | Learned a level 1 spell: Magic Dart
  1471 | D:2      | Reached XP level 4. HP: 34/34 MP: 0/0
  2147 | D:3      | Reached XP level 5. HP: 35/39 MP: 0/0
  2147 | D:3      | Learned a level 2 spell: Scorch
  2689 | D:3      | HP: 1/39 [orc priest/divine providence (9)]
  2691 | D:3      | Slain by an orc priest

Illustrated notes

Levels and vault maps discovered:
D:1:      roderic_dead_forest, layout_basic
D:2:      layout_basic, kennysheep_generic_room_4
D:3:      layout_basic, serial_shops, shop_statue, serial_bayou_crossing,
          uniq_jessica

Skill      XL: |  1  2  3  4  5 |
---------------+----------------+-----
Throwing       | 1 |  1.0
Long Blades    | 2 3 |  3.1
Spellcasting   | 3 |  3.0
Fighting       | |  2.7
Armour         | |  1.7
Dodging        | |  2.5

Action                     |  1- 3 |  4- 6 || total
---------------------------+-------+-------++-------
  Melee: Falchion          |   112 |   127 ||   239
         Punch             |     3 |       ||     3
 Armour: Leather armour    |     7 |       ||     7
         Ring mail         |    46 |    35 ||    81
  Dodge: Dodged            |    45 |    59 ||   104

Table legend: (Time is in decaauts)
 A = Elapsed time spent in this place.
 B = Non-inter-level travel time spent in this place.
 C = Inter-level travel time spent in this place.
 D = Time resting spent in this place.
 E = Time spent auto-exploring this place.
 F = Levels seen in this place.
 G = Mean time per level.
                   A        B        C        D        E       F      G
               +--------+--------+--------+--------+--------+-----+--------+
         Total |   2732 |   2698 |     34 |    377 |    793 |   3 |  910.7 |
       Dungeon |   2732 |   2698 |     34 |    377 |    793 |   3 |  910.7 |
               +--------+--------+--------+--------+--------+-----+--------+

Top non-repeatable levels by time:
     D:1: 1104 daAuts
     D:2: 1002 daAuts
     D:3: 626 daAuts
